Cogmind - Beta 12 @@@ ROGUE MODE // 2023.03.28 @ 22:56:15 Player: Mr Goldstein Result: Destroyed by Y-45 Defender with Heavy Assault Rifle Performance ------------- Evolutions (1) 500 Regions Visited (2) 400 Robots Destroyed (43) 215 Value Destroyed (773) 773 Prototype IDs (3) 60 Alien Tech Used (0) 0 Bonus (-8) -8 TOTAL SCORE: 1940 Bonus ------- Friendly Fire -8 Cogmind --------- Core Integrity 0/400 Matter 290/300 Energy 100/100 System Corruption 0% Temperature Cool (9) Movement Rolling (110) Ox2 Location -9/Materials Parts ------- > --- POWER (1) -------- (None) > --- PROPULSION (3) --- Wheel Wheel > --- UTILITY (3) ------ High-capacity Storage Unit Improved Terrain Scanner > --- WEAPON (2) ------- Light Assault Rifle Light Assault Rifle > --- INVENTORY (20) --- Ion Engine Light Ion Engine Light Nuclear Core Improved Flight Unit Hacking Suite Hacking Suite Medium Laser Medium Laser Small Laser Small Laser Light Assault Rifle Peak State ------------ > --- POWER ------------ Ion Engine > --- PROPULSION ------- Wheel Wheel Compact Wheel > --- UTILITY ---------- High-capacity Storage Unit Improved Terrain Scanner > --- WEAPON ----------- Light Assault Rifle Heavy Assault Rifle > --- INVENTORY -------- Ion Engine Light Nuclear Core Wheel Hacking Suite Hacking Suite Medium Laser Medium Laser Small Laser Light Assault Rifle [Rating: 12] Favorites ----------- Power Ion Engine Engine Ion Engine Propulsion Wheel Wheel Wheel Flight Unit Improved Flight Unit Utility High-capacity Storage Unit Device Improved Terrain Scanner Storage High-capacity Storage Unit Weapon Light Assault Rifle Energy Gun Medium Laser Ballistic Gun Light Assault Rifle Launcher Grenade Launcher Build | -11 -10 -9 ------- Run | Jun Mat Mat Slots Evolved 2 | . . 2 Power . | . . . Propulsion 1 | . . 1 Utility 1 | . . 1 Weapon . | . . . Parts Attached 28 | 6 5 17 Power 3 | 1 . 2 Engine 3 | 1 . 2 Core . | . . . Reactor . | . . . Propulsion 9 | 2 1 6 Treads . | . . . Leg . | . . . Wheel 8 | 2 1 5 Hover . | . . . Flight 1 | . . 1 Utility 4 | 1 2 1 Device 2 | . 1 1 Storage 2 | 1 1 . Processor . | . . . Hackware . | . . . Protection . | . . . Artifact . | . . . Weapon 12 | 2 2 8 Energy Gun 2 | 2 . . Energy Cannon . | . . . Ballistic Gun 9 | . 2 7 Ballistic Cannon . | . . . Launcher 1 | . . 1 Special Weapon . | . . . Impact Weapon . | . . . Slashing Weapon . | . . . Piercing Weapon . | . . . Special Melee Weapon . | . . . Unidentified Prototypes 1 | . . 1 Parts Lost 13 | . 1 12 Power 2 | . . 2 Propulsion 6 | . 1 5 Utility 1 | . . 1 Weapon 4 | . . 4 Highest Loss Streak 6 | . 1 6 To Critical Strikes . | . . . Average Slot Usage (%) 72 | . 88 65 Engine 9 | . 14 7 Wheel 23 | . 27 21 Device 4 | . 3 4 Storage 11 | . 14 11 Ballistic Gun 22 | . 26 21 Naked Turns . | . . . Heaviest Build 51 | 14 48 51 Greatest Support 36 | 32 32 36 Greatest Overweight (x) 16 | . 1 16 Average Overweight (x) 1 | . . 1 Largest Inventory Capacity 20 | 8 20 20 Average Capacity 18 | 7 16 20 Most Carried 12 | 4 8 12 Average Carried 8 | 1 5 9 Final Capacity 20 | 8 20 20 Final Carried 11 | 1 7 11 Class Distribution -------------------- 59% | Scavenger-Mutant 40% | Mutant Dominant Class ---------------- Mutant | -10/Materials Scavenger-Mutant | -9/Materials Resources | -11 -10 -9 ----------- Run | Jun Mat Mat Matter Collected 772 | 201 208 363 Remotely . | . . . Salvage Created 1226 | . 535 691 Parts 94 | . 37 57 Haulers Intercepted 3 | . 2 1 Recyclers Shooed 1 | . . 1 Parts Field Recycled . | . . . Retrieved Matter . | . . . Parts Self-Destructed . | . . . Prevented . | . . . Kills | -11 -10 -9 ------- Run | Jun Mat Mat Combat Hostiles Destroyed 27 | . 9 18 Guns 27 | . 9 18 Classes Destroyed 8 | . 6 2 Worker 7 | . 3 4 Tunneler 2 | . 1 1 Hauler 3 | . 2 1 Recycler 1 | . . 1 Operator 3 | . 2 1 Swarmer 14 | . 3 11 Grunt 12 | . 6 6 Sentry 1 | . . 1 Best Kill Streak 6 | . 4 6 Combat Bots Only 5 | . 3 5 Max Kills in Single Turn 1 | . 1 1 Gunslinging . | . . . Exploded . | . . . Melee . | . . . Uniques/NPCs Destroyed . | . . . Combat | -11 -10 -9 -------- Run | Jun Mat Mat Damage Taken 1451 | . 306 1145 Core 535 | . 132 403 Absorbed by Shields . | . . . Core Remaining (%) 73 | 100 47 . Volleys Fired 158 | . 56 102 Largest 2 | . 2 2 Hottest 100 | . 100 50 Shots Fired 292 | . 112 180 Gun 291 | . 112 179 Cannon . | . . . Launcher 1 | . . 1 Special . | . . . Kinetic 283 | . 104 179 Thermal 8 | . 8 . Explosive 1 | . . 1 Electromagnetic . | . . . Robot Hit Streak 10 | . 8 10 Robot Miss Streak 4 | . 3 4 Penetration Max . | . . . Secondary Targets 2 | . . 2 Max Gunslinging Chain 1 | . . 1 Shots Hit Robots 178 | . 67 111 Core Hits 78 | . 36 42 Critical Kills . | . . . Critical Parts Destroyed 1 | . 1 . Critical Strikes 2 | . 2 . Burn 1 | . 1 . Destroy 1 | . 1 . Melee Attacks . | . . . Impact . | . . . Slashing . | . . . Piercing . | . . . Sneak Attacks . | . . . Combat Hostiles . | . . . Follow-up Attacks . | . . . Damage Inflicted 1705 | . 564 1141 Guns 1586 | . 564 1022 Cannons . | . . . Explosions 119 | . . 119 Melee . | . . . Ramming . | . . . Kinetic 1550 | . 528 1022 Thermal 36 | . 36 . Explosive 119 | . . 119 Electromagnetic . | . . . Impact . | . . . Slashing . | . . . Piercing . | . . . Highest Corruption . | . . . Average Corruption . | . . . Corruption Purged . | . . . Corruption Blocked . | . . . Overload Shots . | . . . Overflow Damage . | . . . Projectiles . | . . . Explosions . | . . . Melee . | . . . Knockbacks . | . . . Impact . | . . . Kinetic . | . . . Secondary . | . . . Self-Inflicted Damage 40 | . . 40 Shots 1 | . . 1 Rammed . | . . . Targets Rammed . | . . . Kicked . | . . . Crushed . | . . . Highest Temperature 156 | . 156 25 Average Temperature 27 | . 41 8 Received Heat Transfer 549 | . 147 402 Siege Activations . | . . . Robots Corrupted . | . . . Combat Hostiles . | . . . Parts Fried . | . . . Impact Corruptions . | . . . Robots Melted . | . . . Combat Hostiles . | . . . Parts Melted . | . . . Heat Transferred 185 | . 185 . Parts Sabotaged . | . . . Parts Stolen . | . . . Parts Stripped . | . . . Power Chain Reactions . | . . . Missiles Intercepted . | . . . Alert | -11 -10 -9 ------- Run | Jun Mat Mat Peak Influence 359 | . 320 359 Initial 92 | . . 92 Average 202 | . 171 225 Maximum Alert Level 1 | . 1 1 Low Security (%) 49 | 100 56 43 Level 1 50 | . 43 56 Level 2 . | . . . Level 3 . | . . . Level 4 . | . . . Level 5 . | . . . High Security . | . . . Max Security . | . . . Squads Dispatched 4 | . 2 2 Investigation . | . . . Extermination . | . . . Reinforcement 4 | . 2 2 Assault . | . . . Garrison . | . . . Intercept . | . . . Searches Triggered . | . . . Construction Impeded . | . . . Haulers Reinforced . | . . . Active Scanning Responses . | . . . Cargo Convoy Interrupts . | . . . Stealth | -11 -10 -9 --------- Run | Jun Mat Mat Distress Signals 6 | . 2 4 Communications Jammed . | . . . Distress Signals . | . . . Times Spotted 52 | . 21 31 Peak Tracking Total 6 | . 4 6 Tactical Retreats 5 | . 1 4 Traps | -11 -10 -9 ------- Run | Jun Mat Mat Traps Triggered . | . . . Indirectly . | . . . Trap Hack Attempts . | . . . Triggered . | . . . Disarmed . | . . . Reprogrammed . | . . . Reused . | . . . Traps Extracted . | . . . Installed . | . . . Triggered . | . . . Machines | -11 -10 -9 ---------- Run | Jun Mat Mat Machines Disabled 6 | . . 6 Max in Single Turn 4 | . . 4 Machines Repaired . | . . . Machines Sabotaged . | . . . Overloaded Fab Kills . | . . . Hacking | -11 -10 -9 --------- Run | Jun Mat Mat Machines Accessed 9 | . 4 5 Terminals 8 | . 4 4 Fabricators . | . . . Repair Stations . | . . . Recycling Units 1 | . . 1 Scanalyzers . | . . . Garrison Access . | . . . Total Hacks 19 | . 12 7 Successful 9 | . 4 5 Failed 10 | . 8 2 Catastrophic 2 | . 1 1 Database Lockouts . | . . . Manual 17 | . 10 7 Terminals 18 | . 12 6 Fabricators . | . . . Repair Stations . | . . . Recycling Units 1 | . . 1 Scanalyzers . | . . . Garrison Access . | . . . Terminal Hacks 4 | . 2 2 Prototype ID Bank 1 | . 1 . Terminal Index 2 | . 1 1 Hauler Manifests 1 | . . 1 Fabricator Hacks . | . . . Repair Station Hacks . | . . . Recycling Unit Hacks . | . . . Scanalyzer . | . . . Garrison Access Hacks . | . . . Unauthorized Hacks 5 | . 2 3 Terminals 4 | . 2 2 Assimilate 2 | . 1 1 Operators 2 | . 1 1 Fabricators . | . . . Repair Stations . | . . . Recycling Units 1 | . . 1 Mask 1 | . . 1 Scanalyzers . | . . . Garrison Access . | . . . Data Cores Recovered . | . . . Used . | . . . Hacking Detections 4 | . 2 2 Full Trace Events . | . . . Feedback Events . | . . . Feedback Blocked . | . . . Robot Schematics Acquired . | . . . Robots Built . | . . . Authchips . | . . . Time . | . . . Total Robot Build Rating . | . . . Part Schematics Acquired . | . . . Parts Built . | . . . Authchips . | . . . Time . | . . . Total Part Build Rating . | . . . Parts Repaired . | . . . Time . | . . . Parts Recycled . | . . . Recycled Matter . | . . . Retrieved Matter . | . . . Retrieved Components . | . . . Parts Scanalyzed . | . . . Part Schematics Acquired . | . . . Parts Damaged . | . . . Bothacking | -11 -10 -9 ------------ Run | Jun Mat Mat Used RIF Installer . | . . . Robots Hacked . | . . . Non-combat . | . . . Combat . | . . . Robot Hacks Applied . | . . . Relay Couplers Released . | . . . Fabnet Peak Effective % . | . . . Robots Rewired . | . . . Allies Hacked . | . . . Hacks Repelled . | . . . Allies | -11 -10 -9 -------- Run | Jun Mat Mat Total Allies 1 | . . 1 Largest Group 1 | . . 1 Highest-Rated Group 10 | . . 10 Highest-Rated Ally 10 | . . 10 Total Orders . | . . . Ally Attacks . | . . . Total Damage . | . . . Kills . | . . . Allies Corrupted . | . . . Allies Melted . | . . . Intel | -11 -10 -9 ------- Run | Jun Mat Mat Robot Analysis Total . | . . . Derelict Logs Recovered . | . . . Drone Launches . | . . . Drone Recoveries . | . . . Exploration | -11 -10 -9 ------------- Run | Jun Mat Mat Turns Passed 1922 | 64 561 1297 Spaces Moved 1086 | 55 321 710 Core 10 | 6 . 4 Treads . | . . . Legs . | . . . Wheels 1076 | 49 321 706 Hover . | . . . Flight . | . . . Fastest Speed 50 | 50 100 101 Average Speed 110 | 94 107 112 Slowest Speed 850 | 100 115 850 Overloaded Moves . | . . . Propulsion Burnouts . | . . . Robots Hopped . | . . . Cave-ins Triggered . | . . . Exploration Rate (%) 40 | 4 66 52 Regions Visited 2 Branch Regions . Pre-discovered Areas . | . . . Known Exits Taken . | . . . Unknown Exits Taken 2 | 1 1 . Scrap Searched . | . . . Spaces Dug . | . . . Terrain Destroyed 24 | . . 24 Melee . | . . . Projectile . | . . . AOE 24 | . . 24 Terrain Rammed . | . . . Walls Destroyed . | . . . Machines Disabled . | . . . Actions | -11 -10 -9 --------- Run | Jun Mat Mat Total 1565 | 67 445 1053 Wait 262 | . 54 208 Move 1084 | 54 320 710 Hop . | . . . Pick Up 31 | 7 9 15 Fast Attach . | . . . Attach 21 | 6 3 12 Detach 1 | . . 1 Swap 7 | . 2 5 Drop 1 | . 1 . Fire 158 | . 56 102 Melee . | . . . Ram . | . . . Kick . | . . . Crush . | . . . Escape Stasis . | . . . Rewire . | . . . Trap . | . . . Miscellaneous . | . . . Route ------- -11/Junkyard -10/Materials (discovered 2 exits: *Mat / [*Min]) -9/Materials (discovered 2 exits: [*Mat] / [*Min]) History --------- Turn | Location | Event 16 | -11/Junkyard | Discovered new exit (range 14) 65 | -11/Junkyard | Entered Materials 305 | -10/Materials | Build established: Mutant 347 | -10/Materials | Discovered new exit (range 11) 516 | -10/Materials | Discovered new exit (range 13) 521 | -10/Materials | Core integrity fell below 50% 626 | -10/Materials | Entered another Materials area 626 | -9/Materials | Evolved 2 slots: Propulsion x1, Utility x1 735 | -9/Materials | Discovered new exit (range 14) 799 | -9/Materials | Build established: Scavenger-Mutant 1053 | -9/Materials | Lost 5 parts (1p3n1u) 1289 | -9/Materials | Core integrity fell below 50% 1415 | -9/Materials | Discovered new exit (range 7) 1575 | -9/Materials | Core integrity fell below 20% 1623 | -9/Materials | Lost 6 parts (1p2n3w) 1923 | -9/Materials | Destroyed by Y-45 Defender with Heavy Assault Rifle Last Messages --------------- 3x Trap Extractor A-02 Transporter 5x Imp. Flight Unit 1x Hvy. Ion Engine A-02 Transporter 5x Hvy. Ion Engine (2 escorts) A-02 Transporter 2x Imp. Flight Unit 2x Imp. Medium Laser 01903_ O-16 Technician: "IFF HANDSHAKE FAILED. SECURING TERMINAL." 01909_ Connecting with Terminal... >>Trojan(Assimilate) Trojan loaded successfully. Testing... System interface override in place. 01909_ O-16 Technician accesses terminal... 01909_ O-16 Technician IFF database reprogrammed. 01910_ Connecting with Terminal... 01915_ ALERT: Hostiles spotted, dispatching reinforcements to Terminal M009. Map ----- +----------------------------------------------------+ | | | | | | | | | | | | | | | ?????????????????????????????????????????????????? | | ?????????????????????????????????????????????????? | | ????????????????????????#????????????????????????? | | ?????????????????????#???????????????????????????? | | ??????????????????????#??????????????????????????? | | ?????????????????????????????????????????????????? | | ?????????????????????????????????????????????????? | | ?????????????????????????????????????????????????? | | ??????????? ?????????? ??????????????????????????? | | ?????????????????????????????????????????????????? | | ???#???#?????????????????????????????????????????? | | ????????????????????####+########??#?????????????? | | ?#?????????????????# #???#????????????? | | ?#????????#????#???# """ ! #????????????????? | | ?????????????? #???# """ #????????????????? | | ?#?? ?? ????? #???# """ "T" #? ??????????????? | | #??? ??????? ##??#! #? ??? ?????????? | | ???##+##### ##########+######????????????????? | | ???# @ ##?????????????????? | | ???# Y #??? ??? ??????????? | | ???# a u #?????????? ???????? | | ?#?# #??? ########### #??#???????????????? | | ???# #???#???#??#????#??# #????? #???????????? | | ???# ##?????????????#???# #??? #???????????? | | #### #???????????#????#?# #### #? ?????????? | | #??????????????#???# #???????????? | | #???? ? ?????####### #???????????? | | * #????? / #???#???????? | | %######??????? ???########+#########???????????? | | |# #?? ???????#???# """ #???#???????????? | | + "#????? ???#???## """ #????#??????????? | | # "################ """ #???????????????? | | # "## ! # #???????????????? | | # T## ! #"" #?#?????????????? | | # "## #"T #?#?????????????? | | # "## "" "" #"" #?????#?????????? | | #[ "## "" % "" # #??????? ???????? | | =# ## "" % "" ####+######?#?????????????? | | == ##############+######### ###??????????????????? | | % % %* #??????????????????? | | ##+############ #?"????????????????? | | ?# #?????# """ !! + ????????????????? | | ?# #?????# """"" !! # ???????? ???????? | +----------------------------------------------------+ Best States ------------- Heat Dissipation 28 Energy Generation 12 Energy Capacity 265 Matter Stores 300 Matter Capacity 300 Sight Range 16 Terrain Scan Range 16 Terrain Scan Density 10 Evasion (%) 40 Item Schematics ----------------- None Robot Schematics ------------------ None Fabricated ------------ Nothing Alien Tech Used ----------------- None Achievements -------------- None Challenges ------------ None Game ------ Seed FusionHardlightSplitter Manual? 0 Play Time 00:17:37 Cumulative 44.7 hours Start 2023.03.28 @ 22:41:09 End 2023.03.28 @ 22:56:15 Sessions 1 Manual Loads 0 Difficulty Rogue Special Mode None Game No. 65 Rogue 65 Adventurer 0 Explorer 0 Win Type - Total 0 Types 0/0/0/0/0/0/0/0/0 Lore% 34 Gallery% 35 Achievement% 32 Wizard Run 0 Options --------- ASCII 0 Keyboard 0 Movement Arrows Keybinds 0 Fullscreen 1 Font 12/Smallcaps Map View 83x54 Tactical HUD 1 Map Filters NONE Filters NONE Steam 1 RUN: 439ba2a3-2065-4597-80b3-6b1746408893